 Dungeon Crawl Stone Soup version 0.28.0 (webtiles) character file.

Game seed: 10430524993446700661

720 willcat the Insei (level 7, -11/43 HPs)
             Began as an Octopode Transmuter on Feb 7, 2022.
             Mangled by an ogre (24 damage)
             ... on level 4 of the Dungeon.
             The game lasted 00:05:06 (4853 turns).

willcat the Insei (Octopode Transmuter)             Turns: 4853, Time: 00:05:07

Health: -11/43     AC:  1    Str:  9    XL:     7   Next: 70%
Magic:  11/11      EV: 14    Int: 18    God:
Gold:   221        SH:  0    Dex: 12    Spells: 6/12 levels left

rFire   + + .      SeeInvis .   a - +3 dagger of the Moon {spect, rF++}
rCold   . . .      Faith    .   (no shield)
rNeg    . . .      Spirit   .   (helmet restricted)
rPois   .          Reflect  .   (no amulet)
rElec   .          Harm     .   f - ring of flight
rCorr   .          Rampage  .   (no ring)
Will    .....                   (no ring)
Stlth   +++.......              (no ring)
HPRegen 0.14/turn               (no ring)
MPRegen 0.12/turn               (no ring)
                                (no ring)
                                (no ring)

@: flying
A: almost no armour, amphibious, 8 rings, camouflage 1, gelatinous body 1,
(nimble swimmer 1), tentacles
a: no special abilities


You were on level 4 of the Dungeon.
You visited 1 branch of the dungeon, and saw 7 of its levels.

You collected 243 gold pieces.
You spent 22 gold pieces at shops.

Inventory:

Hand Weapons
 a - the +3 dagger of the Moon (weapon) {spect, rF++}
   (You found it on level 3 of the Dungeon)

   When its wielder attacks, the weapon's spirit leaps out and strikes again.
   The spirit shares a part of any damage it takes with its wielder.
   rF:        It greatly protects you from fire.
 c - a +2 dagger of protection
Missiles
 p - 3 curare-tipped darts
Jewellery
 f - a ring of flight (left tentacle)
Wands
 j - a wand of paralysis (5)
Scrolls
 d - a scroll of amnesia {unknown}
 h - a scroll of noise {unknown}
 k - a scroll of magic mapping {unknown}
 n - a scroll of enchant weapon {unknown}
Potions
 b - a potion of brilliance
 e - a potion of mutation {unknown}
 g - 2 potions of flight {unknown}
 i - a potion of curing
 l - 4 potions of degeneration {unknown}
 m - a potion of heal wounds {unknown}
 o - a potion of haste {unknown}


   Skills:
 + Level 1.3 Fighting
 + Level 2.6 Short Blades
 + Level 3.5 Dodging
 + Level 3.9 Stealth
 - Level 4.1 Unarmed Combat
 + Level 3.2 Spellcasting
 + Level 0.4 Conjurations
 + Level 2.1 Hexes
 + Level 3.4 Transmutations
 + Level 2.3 Ice Magic
 + Level 0.5 Air Magic
 + Level 0.4 Poison Magic


You had 6 spell levels left.
You knew the following spells:

 Your Spells              Type           Power      Damage    Failure   Level
a - Beastly Appendage     Tmut           30%        N/A       4%          1
b - Ensorcelled Hibernat  Hex/Ice        20%        N/A       10%         2
c - Mephitic Cloud        Conj/Pois/Air  4%         N/A       36%         3

Your spell library contained the following spells:

 Spells                   Type           Power      Damage    Failure   Level
 Wereblood                Tmut           15%        N/A       6%          2
 Passwall                 Tmut/Erth      7%         N/A       12%         2
 Magic Dart               Conj           16%        1d3       14%         1
 Spider Form              Tmut/Pois      9%         N/A       22%         3
 Call Imp                 Summ           2%         N/A       24%         2
 Ignite Poison            Fire/Tmut/Pois 7%         N/A       28%         3
 Swiftness                Air            4%         N/A       36%         3
 Ice Form                 Ice/Tmut       13%        N/A       43%         4
 Freezing Cloud           Conj/Ice/Air   3%         6-21      96%         5


Dungeon Overview and Level Annotations

Branches:
Dungeon (7/15)
 Temple: D:4-7

Altars:
Trog

Shops:
D:3 ?


Innate Abilities, Weirdness & Mutations

You cannot wear most types of armour.
You are amphibious.
You can wear up to eight rings at the same time.
Your skin changes colour to match your surroundings (Stealth+).
Your rubbery body absorbs attacks. (AC +1, EV +1)
((You are camouflaged when in or above water. (Stealth+)))
You have tentacles for arms and can constrict up to eight enemies at once.


Message History

No target in view!
Found 13 stones.
No target in view!
You see here 13 stones.
l - 4 dark potions (gained 1)
You now have 221 gold pieces (gained 15).
A hound comes into view.
An endoplasm comes into view.
Found a stone staircase leading down.
There are monsters nearby!
There are monsters nearby!
An ogre comes into view. It is wielding a +0 giant club.
The helpless hound fails to defend itself.
You impale the hound!!
You kill the hound!
The helpless endoplasm fails to defend itself.
You impale the endoplasm!!
You kill the endoplasm!
The ogre shouts!
The ogre hits you with a +0 giant club!!
You hit the ogre. You squeeze the ogre!
The ogre is heavily wounded.
Your +3 dagger of the Moon {spect, rF++} hits the ogre.
The ogre misses you.
You hit the ogre but do no damage.
The ogre is severely wounded.
Your +3 dagger of the Moon {spect, rF++} hits the ogre.
You barely miss the ogre.
The ogre is almost dead.
Your +3 dagger of the Moon {spect, rF++} hits the ogre.
The ogre hits you with a +0 giant club!!
* * * LOW HITPOINT WARNING * * *
Unknown command.
There is a stone staircase leading down here.
Okay, then.
Okay, then.
Okay, then.
The ogre hits you with a +0 giant club!!
Ouch! That really hurt!
You die...

#...##### #..# ##.#.....##.#
........####..###........##.####
.(..<.....(....##..............#
........####.#..#........##.##.#
#...##### #....####.....##.##.##
.....# ####.# #####.##.....#
#....# #.# ###.#####..# #....#
#.######..........# ##.#.#
#.@O.....###.####.# ##.#.#
#..#####.# #......# ##.#.#
#..#####.###..#####
.....######## #.....##......#
##..........# ##.#...#.#.##.#
##..##...##.####.#.......##.#
....##.####...###......####.#
##.###.###.....#######.####.#
##.# #.##...††..# #......#


You could see an ogre.

Vanquished Creatures
  Menkaure (D:6)
  An ogre (D:3)
  A howler monkey (D:5)
  2 vampire bats (D:4)
  A centaur zombie (D:6)
  Crazy Yiuf (D:3)
  A hound (D:4)
  Terence (D:3)
  An orc wizard (D:6)
  13 adders
  An ufetubus (D:5)
  3 worms (D:2)
  5 dart slugs
  5 orcs
  12 bats
  7 endoplasms
  3 giant cockroaches
  10 goblins
  5 hobgoblins
  5 jackals (D:2)
  8 kobolds
  4 quokkas
  11 ball pythons
  3 frilled lizards (D:3)
  5 rats
110 creatures vanquished.

Vanquished Creatures (others)
  An orc wizard (D:6)
1 creature vanquished.

Grand Total: 111 creatures vanquished

Notes
Turn   | Place    | Note
-------+----------+-------------------------------------------
     0 | D:1      | willcat the Octopode Transmuter began the quest for the
                  | Orb.
     0 | D:1      | Reached XP level 1. HP: 13/13 MP: 3/3
   318 | D:1      | Reached XP level 2. HP: 3/18 MP: 5/5
   655 | D:1      | Reached skill level 1 in Stealth
   711 | D:1      | Learned a level 2 spell: Ensorcelled Hibernation
   958 | D:1      | Reached XP level 3. HP: 18/23 MP: 6/6
  1587 | D:2      | Reached skill level 1 in Short Blades
  1682 | D:2      | Reached XP level 4. HP: 25/28 MP: 7/7
  1902 | D:2      | Found a faded altar of an unknown god.
  2310 | D:3      | Reached XP level 5. HP: 22/33 MP: 8/8
  2473 | D:3      | Found a bloodstained altar of Trog.
  2519 | D:3      | Reached skill level 1 in Ice Magic
  2544 | D:3      | Noticed Terence
  2576 | D:3      | Killed Terence
  2897 | D:3      | Found Hillaxud's Magic Scroll Shoppe.
  2903 | D:3      | Bought a scroll of identify for 22 gold pieces
  2913 | D:3      | Identified the +3 dagger of the Moon {spect, rF++}
  3163 | D:3      | Noticed an ogre
  3171 | D:3      | Reached skill level 1 in Hexes
  3187 | D:3      | Killed an ogre
  3188 | D:3      | Reached XP level 6. HP: 33/38 MP: 8/10
  3241 | D:3      | Identified the +0 robe of Byezai {*Slow rElec Str+6 Stlth+}
  3271 | D:3      | Found a runed translucent door.
  3272 | D:3      | Noticed Crazy Yiuf
  3507 | D:3      | Killed Crazy Yiuf
  3755 | D:4      | You are sucked into a shaft and drop 3 floors!
  3872 | D:6      | Noticed Menkaure
  4125 | D:6      | Killed Menkaure
  4126 | D:6      | Reached skill level 4 in Unarmed Combat
  4126 | D:6      | Reached XP level 7. HP: 43/43 MP: 11/11
  4132 | D:5      | Entered Level 5 of the Dungeon
  4582 | D:4      | Learned a level 3 spell: Mephitic Cloud
  4853 | D:4      | Mangled by an ogre

Illustrated notes

Levels and vault maps discovered:
D:1:      dpeg_arrival_arbitrary_c, layout_basic, minmay_indecisive_spiral
D:2:      minmay_diamond_boxcup, layout_basic, ebering_ecumenical_altar_mist
D:3:      layout_basic, lemuel_round_altar, serial_shops, shop, minmay_circle_x,
          uniq_terence, uniq_crazy_yiuf_cottage
D:4:      layout_loops_cross, gammafunk_temple_overflow_statue,
          minmay_misc_feat_doors, roderic_batcave, grunt_ministairs_14
D:5:      layout_basic, minmay_temple_entry_mist, serial_shops,
          nicolae_diamond_shop, serial_park_tiny_pond,
          kennysheep_generic_room_15
D:6:      layout_rooms, nicolae_uskayaw_dance_hall, uniq_menkaure
D:7:      layout_cave_pools, serial_glass, glass_columns_a, glass_columns_a,
          serial_shops, nicolae_shop_bloodbath_and_beyond

Skill      XL: |  1  2  3  4  5  6  7 |
---------------+----------------------+-----
Stealth        | 1 2 3 |  3.9
Short Blades   | 1 2 |  2.6
Ice Magic      | 1 2 |  2.3
Hexes          | 1 2 |  2.1
Dodging        | 3 |  3.5
Transmutations | 3 |  3.4
Unarmed Combat | 4 |  4.1
Spellcasting   | 3 |  3.2
Fighting       | |  1.3
Conjurations   | |  0.4
Air Magic      | |  0.5
Poison Magic   | |  0.4

Action                   |  1- 3 |  4- 6 |  7- 9 || total
-------------------------+-------+-------+-------++-------
Melee: Unarmed           |    10 |       |       ||    10
       Dagger            |    64 |   131 |    36 ||   231
       Tentacles         |    15 |    27 |     6 ||    48
       Constrict         |    19 |    32 |    10 ||    61
       Punch             |     5 |     3 |     1 ||     9
 Cast: Ensorcelled Hiber |       |     1 |       ||     1
Evoke: Wand              |       |     4 |       ||     4
  Use: Scroll            |       |     2 |       ||     2
       Potion            |       |     1 |       ||     1
 Stab: Sleeping          |    10 |    16 |     3 ||    29
       Paralysed         |       |     3 |       ||     3
Armor: Skin              |    14 |    21 |     4 ||    39
Dodge: Dodged            |    36 |    61 |    30 ||   127
